 Dungeon Crawl Stone Soup version 0.24-a0-278-gefa1973 (webtiles) character file.

Game seed: 8435085811802913866

843 Hylith the Shooter (level 8, -2/90 HPs)
             Began as a Gnoll Wanderer on Apr 30, 2019.
             Was an Initiate of Ashenzari.
             Slain by an iguana (4 damage)
             ... on level 5 of the Dungeon.
             The game lasted 00:16:19 (6051 turns).

Hylith the Shooter (Gnoll Wanderer)                 Turns: 6051, Time: 00:16:19

Health: -2/90      AC: 24    Str: 16    XL:     8   Next: 0%
Magic:  0/12       EV:  2    Int: 15    God:    Ashenzari [......]
Gold:   173        SH:  0    Dex: 15    Spells: 11/12 levels left

rFire    . . .     SeeInvis .   l - +2 dagger (holy)
rCold    + . .     Gourm    .   (no shield)
rNeg     + + +     Faith    .   (armour currently unavailable)
rPois    +         Spirit   .   (helmet currently unavailable)
rElec    .         Reflect  .   (cloak currently unavailable)
rCorr    .         Harm     .   (gloves currently unavailable)
MR       .....     NoTele   +   (boots currently unavailable)
Stlth    +++.......             x - amulet of regeneration
HPRegen  0.65/turn              (no ring)
MPRegen  0.13/turn              k - ring of protection from cold

@: tree-form
A: distributed training, strong nose
a: Curse Item, Renounce Religion


You were on level 5 of the Dungeon.
You worshipped Ashenzari.
Ashenzari was noncommittal.
You were not hungry.
You were a tree.
You visited 1 branch of the dungeon, and saw 5 of its levels.
You also visited: Ossuary.

You collected 173 gold pieces.

Inventory:

Hand Weapons
 a - a +1 shortbow
 e - a +0 war axe
 j - a +0 dagger of draining
 l - a +2 dagger of holy wrath (weapon)
Missiles
 c - 18 arrows
 m - 8 stones (quivered)
 s - 6 tomahawks
Armour
 i - a +1 helmet (melded)
 n - a +2 leather armour of fire resistance (melded)
 o - a +0 pair of boots (melded)
 w - a +0 chain mail
 H - a scarf of spirit shield (melded)
Jewellery
 k - a ring of protection from cold (right branch)
 x - an amulet of regeneration (around neck)
 y - an uncursed ring of fire
Scrolls
 b - 2 scrolls of enchant armour
 p - 9 scrolls of remove curse
 r - 2 scrolls of magic mapping {unknown}
 t - 5 scrolls of enchant weapon
 v - 8 scrolls of identify {unknown}
 z - a scroll of blinking {unknown}
 C - a scroll of teleportation
 E - a scroll of torment {unknown}
 I - a scroll of immolation {unknown}
 J - a scroll of noise {unknown}
Potions
 d - 2 potions of lignification
 g - 3 potions of might {unknown}
 h - 3 potions of degeneration {unknown}
 q - 2 potions of curing {unknown}
 u - 3 potions of flight {unknown}
 A - 2 potions of agility {unknown}
 B - a potion of haste {unknown}
 D - a potion of mutation {unknown}
 F - a potion of brilliance {unknown}
 G - a potion of resistance {unknown}
Comestibles
 f - 12 rations


   Skills:
 + Level 3.8 Fighting
 + Level 2.8 Short Blades
 + Level 2.8 Long Blades
 + Level 2.8 Axes
 + Level 2.8 Maces & Flails
 + Level 2.8 Polearms
 + Level 2.8 Staves
 + Level 2.8 Slings
 + Level 7.1 Bows
 + Level 2.8 Crossbows
 + Level 3.8 Throwing
 + Level 3.8 Armour
 + Level 2.8 Dodging
 + Level 3.7 Stealth
 + Level 2.8 Shields
 + Level 2.8 Unarmed Combat
 + Level 2.8 Spellcasting
 + Level 2.2 Conjurations
 + Level 2.2 Hexes
 + Level 2.2 Charms
 + Level 2.2 Summonings
 + Level 2.2 Necromancy
 + Level 2.2 Translocations
 + Level 2.2 Transmutations
 + Level 2.2 Fire Magic
 + Level 2.2 Ice Magic
 + Level 2.2 Air Magic
 + Level 5.9 Earth Magic
 + Level 2.2 Poison Magic
 + Level 3.1 Invocations
 + Level 2.8 Evocations


You had 11 spell levels left.
You knew the following spells:

 Your Spells              Type           Power        Failure   Level  Hunger
a - Sandblast             Erth           ###...       1%          1    #......

Your spell library contained the following spells:

 Spells                   Type           Power        Failure   Level  Hunger
 Passwall                 Tmut/Erth      ##......     6%          2    ##.....
 Stone Arrow              Conj/Erth      ##....       12%         3    ###....
 Petrify                  Tmut/Erth      ##......     36%         4    #####..
 Lee's Rapid Deconstruct  Erth           ###.......   43%         5    ######.


Dungeon Overview and Level Annotations

Branches:
Dungeon (5/15)             Temple (0/1) D:4

Altars:
Ashenzari
Dithmenos
Elyvilon
Ru
Sif Muna
Vehumet
The Shining One


Innate Abilities, Weirdness & Mutations

Your experience applies equally to all skills.
((You have very sharp teeth.))
Your uncanny sense of smell can sniff out nearby items.


Message History

The iguana is severely wounded.
m - 8 stones The iguana completely misses you.
You barely miss the iguana.
The iguana is severely wounded.
You closely miss the iguana.
The iguana is severely wounded.
The iguana bites you but does no damage.
You hit the iguana but do no damage.
The iguana is severely wounded.
You are no longer corroded.
The iguana bites you but does no damage.
You barely miss the iguana.
The iguana is severely wounded.
The iguana bites you.
* * * LOW HITPOINT WARNING * * *
You hit the iguana.
The iguana is almost dead.
The iguana bites you.
You die...

#.# #####
####.###...###
#........#....
#.###.##J###.....#
#.....J..# ##.....
#####.#### ##....
#####.##### ##...
#.lJ......# #.#
#♣###.###.# .#
#.###.# #.# .#
#.#...# #.# ##+#
#.#.### #.# ##...
#.#.#####.# ##....
#.#.##.##.###.....
#.........##......
###...............
#.#...####......


You could see an iguana and a jelly.

Vanquished Creatures
  An ice beast (D:5)
  A phantom (D:4)
  A bullfrog zombie (D:5)
  2 hounds (D:4)
  Crazy Yiuf (D:3)
  An iguana (D:4)
  2 orc wizards
  4 worker ants
  A hound skeleton (D:4)
  13 mummies (Ossuary)
  4 gnolls (D:3)
  3 adders
  An ooze (D:1)
  A worm (D:4)
  2 dart slugs
  2 leopard geckos
  11 orcs
  9 bats
  6 giant cockroaches
  13 goblins
  9 hobgoblins
  7 jackals
  2 quokkas (D:5)
  2 ball pythons
  5 frilled lizards
  3 gnoll skeletons (Ossuary)
  2 goblin skeletons (Ossuary)
  7 kobolds
  A kobold skeleton (Ossuary)
  2 orc skeletons (Ossuary)
  6 rats
  11 rat skeletons (Ossuary)
136 creatures vanquished.

Notes
Turn   | Place    | Note
-------+----------+-------------------------------------------
     0 | D:1      | Hylith the Gnoll Wanderer began the quest for the Orb.
     0 | D:1      | Hylith set off with the following items: a +0 shortbow, 24
                  | arrows, a potion of lignification, a +0 robe, a ration; and
                  | the following spell memorised: Sandblast; and the following
                  | spells available to memorise: Passwall, Stone Arrow, Lee's
                  | Rapid Deconstruction, Petrify
     0 | D:1      | Reached XP level 1. HP: 17/17 MP: 1/1
    64 | D:1      | Reached XP level 2. HP: 23/23 MP: 2/2
   565 | D:1      | Reached XP level 3. HP: 17/28 MP: 3/3
   941 | D:2      | Found a shadowy altar of Dithmenos.
  1096 | D:2      | Found a deep blue altar of Sif Muna.
  1212 | D:2      | Reached skill level 1 in Invocations
  1465 | D:2      | Found a white marble altar of Elyvilon.
  1550 | D:2      | Reached skill level 1 in Short Blades
  1550 | D:2      | Reached skill level 1 in Long Blades
  1550 | D:2      | Reached skill level 1 in Axes
  1550 | D:2      | Reached skill level 1 in Maces & Flails
  1550 | D:2      | Reached skill level 1 in Polearms
  1550 | D:2      | Reached skill level 1 in Staves
  1550 | D:2      | Reached skill level 1 in Slings
  1550 | D:2      | Reached skill level 1 in Crossbows
  1550 | D:2      | Reached skill level 1 in Dodging
  1550 | D:2      | Reached skill level 1 in Shields
  1550 | D:2      | Reached skill level 1 in Unarmed Combat
  1550 | D:2      | Reached skill level 1 in Spellcasting
  1550 | D:2      | Reached skill level 1 in Evocations
  1616 | D:2      | Reached XP level 4. HP: 34/34 MP: 5/5
  1978 | D:3      | Found a shattered altar of Ashenzari.
  2346 | D:3      | Reached skill level 1 in Conjurations
  2346 | D:3      | Reached skill level 1 in Hexes
  2346 | D:3      | Reached skill level 1 in Charms
  2346 | D:3      | Reached skill level 1 in Summonings
  2346 | D:3      | Reached skill level 1 in Necromancy
  2346 | D:3      | Reached skill level 1 in Translocations
  2346 | D:3      | Reached skill level 1 in Transmutations
  2346 | D:3      | Reached skill level 1 in Fire Magic
  2346 | D:3      | Reached skill level 1 in Ice Magic
  2346 | D:3      | Reached skill level 1 in Air Magic
  2346 | D:3      | Reached skill level 1 in Poison Magic
  2383 | D:3      | Reached XP level 5. HP: 40/40 MP: 0/6
  2799 | D:3      | Found a runed translucent door.
  2800 | D:3      | Noticed Crazy Yiuf
  3129 | D:3      | Found a radiant altar of Vehumet.
  3202 | D:3      | Became a worshipper of Ashenzari the Shackled
  3358 | D:3      | Killed Crazy Yiuf
  3692 | D:4      | Reached XP level 6. HP: 47/47 MP: 8/8
  3707 | D:4      | Found a sacrificial altar of Ru.
  3770 | D:4      | Found a staircase to the Ecumenical Temple.
  3876 | D:4      | Found a sand-covered staircase.
  3881 | Ossuary  | Entered an ossuary
  4568 | Ossuary  | Reached XP level 7. HP: 52/52 MP: 10/10
  4866 | D:4      | Reached skill level 7 in Bows
  5150 | D:4      | Found a glowing golden altar of the Shining One.
  5407 | D:4      | Noticed a hornet
  5673 | D:5      | Entered Level 5 of the Dungeon
  5974 | D:5      | Reached XP level 8. HP: 60/60 MP: 1/12
  6039 | D:5      | HP: 2/60 [iguana (12)]
  6045 | D:5      | HP: 4/90 [iguana (4)]
  6050 | D:5      | HP: 2/90 [iguana (5)]
  6051 | D:5      | Slain by an iguana

Levels and vault maps discovered:
D:1:      mushboom_english_gardens, layout_basic
D:2:      layout_basic, nicolae_overflow_crystal_walls, grunt_dithmenos_smoke,
          marbit_many_paths, hangedman_decor_growths
D:3:      layout_basic, vehumet_crystals, overflow_temple_1_default,
          first_ration, uniq_crazy_yiuf_cottage
D:4:      layout_basic, hangedman_ru_absence, tso_oasis_becter,
          minmay_temple_entry_antechambers, enter_ossuary_2, serial_rivers,
          chequers_serial_rivers_micro_a, chequers_serial_rivers_micro_e,
          chequers_serial_rivers_micro_b, chequers_serial_rivers_large_a,
          minmay_ruined_shrine
D:5:      layout_loops_corners, uniq_grinder

Skill      XL: |  1  2  3  4  5  6  7 |
---------------+----------------------+-----
Invocations    | 1 2 3 |  3.1
Short Blades   | 1 2 |  2.8
Long Blades    | 1 2 |  2.8
Axes           | 1 2 |  2.8
Maces & Flails | 1 2 |  2.8
Polearms       | 1 2 |  2.8
Staves         | 1 2 |  2.8
Slings         | 1 2 |  2.8
Crossbows      | 1 2 |  2.8
Dodging        | 1 2 |  2.8
Shields        | 1 2 |  2.8
Unarmed Combat | 1 2 |  2.8
Spellcasting   | 1 2 |  2.8
Evocations     | 1 2 |  2.8
Conjurations   | 1 2 |  2.2
Hexes          | 1 2 |  2.2
Charms         | 1 2 |  2.2
Summonings     | 1 2 |  2.2
Necromancy     | 1 2 |  2.2
Translocations | 1 2 |  2.2
Transmutations | 1 2 |  2.2
Fire Magic     | 1 2 |  2.2
Ice Magic      | 1 2 |  2.2
Air Magic      | 1 2 |  2.2
Poison Magic   | 1 2 |  2.2
Fighting       | 3 |  3.8
Throwing       | 3 |  3.8
Armour         | 3 |  3.8
Stealth        | 3 |  3.7
Bows           | 7 |  7.1
Earth Magic    | |  5.9

Action                   |  1- 3 |  4- 6 |  7- 9 || total
-------------------------+-------+-------+-------++-------
Melee: Dagger            |    39 |   191 |   148 ||   378
       Shortbow          |    27 |       |       ||    27
       Bite              |    16 |    24 |    14 ||    54
       War axe           |    55 |    38 |       ||    93
       Punch             |       |     2 |     4 ||     6
 Fire: Shortbow          |    14 |    42 |       ||    56
 Cast: Sandblast         |     3 |    17 |    18 ||    38
  Use: Scroll            |     3 |     3 |     1 ||     7
       Potion            |       |       |     1 ||     1
 Stab: Sleeping          |       |     8 |     4 ||    12
       Distracted        |       |       |     1 ||     1
  Eat: Chunk             |     2 |     9 |     3 ||    14
       Ration            |       |       |     1 ||     1
Armor: Robe              |    22 |       |       ||    22
       Chain mail        |    21 |    43 |       ||    64
       Scale mail        |    17 |       |       ||    17
       Leather armour    |       |    53 |    40 ||    93
       Skin              |       |       |     3 ||     3
Dodge: Dodged            |    66 |   111 |    71 ||   248

Table legend:
 A = Non-vault XP
 B = Vault XP
 C = Vault XP percentage of total XP
 D = Non-vault monster count
 E = Vault monster count
 F = Vault count percentage of total count
                 A         B        C        D         E       F
            +---------+---------+-------+---------+---------+-------
      Total |     843 |     362 |  30.0 |     100 |      36 |  26.5
            +---------+---------+-------+---------+---------+-------
        D:1 |      42 |       0 |   0.0 |      20 |       0 |   0.0
        D:2 |      48 |       2 |   4.0 |      22 |       1 |   4.3
        D:3 |     180 |      39 |  17.8 |      36 |       1 |   2.7
        D:4 |     355 |      68 |  16.1 |      17 |       2 |  10.5
        D:5 |     218 |       0 |   0.0 |       5 |       0 |   0.0
    Ossuary |       0 |     253 | 100.0 |       0 |      32 | 100.0
            +---------+---------+-------+---------+---------+-------
